 Dungeon Crawl Stone Soup version 0.28.0-43-g3370ac3207 (webtiles) character file.

Game seed: 3429105350216612627

9368 pkoi the Grappler (level 11, -7/101 HPs)
             Began as a Troll Monk on Mar 22, 2022.
             Was a Priest of Cheibriados.
             Mangled by an 11-headed hydra (13 damage)
             ... on level 2 of the Lair of Beasts.
             The game lasted 00:14:15 (8820 turns).

pkoi the Grappler (Troll Monk)                      Turns: 8820, Time: 00:14:16

Health: -7/101     AC:  6    Str: 28    XL:     11   Next: 22%
Magic:  15/15      EV: 12    Int: 17    God:    Cheibriados [***...]
Gold:   436        SH:  0    Dex: 19    Spells: 11/14 levels left

rFire   . . .      SeeInvis .     - Unarmed
rCold   . . .      Faith    .   (no shield)
rNeg    . . .      Spirit   .   a - +0 robe
rPois   .          Reflect  .   (helmet restricted)
rElec   .          Harm     .   i - +1 cloak {Will+}
rCorr   +          Rampage  .   (gloves unavailable)
Will    ++...                   (boots unavailable)
Stlth   ++........              (no amulet)
HPRegen 1.06/turn               p - ring of resist corrosion
MPRegen 0.14/turn               x - ring of willpower

@: mighty, very slow
A: large, unfitting armour, claws 3, regeneration 1, shaggy fur 1, tough skin 1
a: Renounce Religion, Bend Time, Temporal Distortion


You were on level 2 of the Lair of Beasts.
You worshipped Cheibriados.
Cheibriados was most pleased with you.
You visited 3 branches of the dungeon, and saw 11 of its levels.

You collected 447 gold pieces.
You spent 11 gold pieces at shops.

Inventory:

Hand Weapons
 h - the +7 quarterstaff of the Yoke {holy, rCorr Int+2 Stlth+}
   (You found it on level 2 of the Dungeon)

   It has been blessed by the Shining One to cause great damage to the undead
   and demons.
   Int:       It affects your intelligence (+2).
   rCorr:     It protects you from acid and corrosion.
   Stlth:     It makes you more stealthy.
Missiles
 u - 3 curare-tipped darts (quivered)
Armour
 a - a +0 robe (worn)
 i - a +1 cloak of willpower (worn)
Jewellery
 m - a ring of see invisible
 n - a +6 ring of intelligence
 p - a ring of resist corrosion (left claw)
 q - an amulet of magic regeneration
 t - a +6 ring of intelligence
 x - a ring of willpower (right claw)
Wands
 f - a wand of polymorph (9)
 l - a wand of charming (9)
Scrolls
 b - 2 scrolls of identify
 d - 2 scrolls of teleportation
 s - a scroll of fear
 y - a scroll of blinking
Potions
 c - 2 potions of haste
 e - 3 potions of heal wounds
 g - a potion of ambrosia
 k - 2 potions of brilliance
 o - 2 potions of resistance
 r - a potion of magic
 v - 4 potions of flight {unknown}
 w - 2 potions of curing


   Skills:
 - Level 4.6 Fighting
 - Level 2.7 Armour
 - Level 4.3 Dodging
 - Level 1.0 Stealth
 * Level 11.6 Unarmed Combat
 + Level 2.1 Spellcasting
 + Level 2.5 Hexes
 + Level 0.0 Transmutations
 + Level 2.7 Ice Magic
 * Level 7.7 Invocations
 - Level 2.5 Evocations


You had 11 spell levels left.
You knew the following spells:

 Your Spells              Type           Power      Damage    Failure   Level
a - Ensorcelled Hibernat  Hex/Ice        20%        N/A       10%         2
b - Beastly Appendage     Tmut           2%         N/A       19%         1

Your spell library contained the following spells:

 Spells                   Type           Power      Damage    Failure   Level
 Magic Dart               Conj           4%         1d3       19%         1
 Call Imp                 Summ           1%         N/A       28%         2
 Wereblood                Tmut           1%         N/A       28%         2
 Mephitic Cloud           Conj/Pois/Air  1%         N/A       50%         3
 Spider Form              Tmut/Pois      1%         N/A       50%         3
 Anguish                  Hex/Necr       3%         N/A       75%         4


Dungeon Overview and Level Annotations

Branches:
Dungeon (8/15)             Temple (1/1) D:5            Lair (2/6) D:8
  Swamp: Lair:2-4    Shoals: Lair:2-4     Snake: Lair:2-4    Spider: Lair:2-4

Altars:
Ashenzari
Cheibriados
Dithmenos
Elyvilon
Fedhas
Gozag
Hepliaklqana
Kikubaaqudgha
Makhleb
Nemelex Xobeh
Okawaru
Ru
Sif Muna
Trog
Uskayaw
Vehumet
Wu Jian
Xom
Yredelemnul
Zin
The Shining One

Shops:
D:3 !   D:5 (

Annotations:
D:8 2 transporters, exclusions: ice statue and oklob plant, nickcage's ghost, novice MiFi


Innate Abilities, Weirdness & Mutations

You are too large for most types of armour.
You have claws for hands.
Your natural rate of healing is unusually fast.
You are covered in fur. (AC +1)
You have tough skin. (AC +1)


Message History

The ten-headed hydra bites you.
* * * LOW HITPOINT WARNING * * *
The ten-headed hydra bites you!
* * * LOW HITPOINT WARNING * * *
The ten-headed hydra bites you!
* * * LOW HITPOINT WARNING * * *
Unknown command.
Unknown command.
You claw one of the ten-headed hydra's heads off!
The nine-headed hydra grows two more!
You scratch the 11-headed hydra.
The 11-headed hydra is lightly wounded.
Unknown command.
Unknown command.
Unknown command.
Unknown command.
Aiming: Charm
Press: ? - help, Shift-Dir - straight line, f - 11-headed hydra
Aim: an 11-headed hydra (lightly wounded, chance to affect: 22%)
Okay, then.
Unknown command.
Aiming: Polymorph
Press: ? - help, Shift-Dir - straight line, f - 11-headed hydra
Aim: an 11-headed hydra (lightly wounded, will become a great orb of eyes, an emperor scorpion, or a glowing orange brain, chance to affect: 22%)
Okay, then.
Unknown command.
You feel very mighty all of a sudden. The 11-headed hydra misses you.
The 11-headed hydra barely misses you.
The 11-headed hydra completely misses you.
The 11-headed hydra bites you!
* * * LOW HITPOINT WARNING * * *
The 11-headed hydra bites you!
* * * LOW HITPOINT WARNING * * *
The 11-headed hydra bites you!
* * * LOW HITPOINT WARNING * * *
The 11-headed hydra bites you!
* * * LOW HITPOINT WARNING * * *
The 11-headed hydra barely misses you.
The 11-headed hydra bites you but does no damage.
The 11-headed hydra barely misses you. The 11-headed hydra bites you!
You die...

#.. ##.##+.##.
###........##
#........... #
..........+.# +..........
#........#^.. #....D....#
#@+# ##.# #..# ##..# ####
##P.#####
#.#.+#########.......# #.
.........##P.##.....##...
.........+...#...........
...†.^........+..>.....#.


You could see a 11-headed hydra.

Vanquished Creatures
  A hydra (Lair:1)
  Pikel (D:4)
  A manticore (D:8)
  A gargoyle (D:8)
  A cane toad (Lair:1)
  2 komodo dragons
  A polar bear (Lair:1)
  A slime creature (D:7)
  Grinder (D:4)
  A wyvern (D:8)
  4 yaks
  Eustachio (D:6)
  A basilisk (Lair:2)
  A steam dragon (D:8)
  6 water moccasins
  Duvessa (D:6)
  An orc warrior (D:6)
  3 ice beasts
  5 black bears
  2 sky beasts (D:7)
  A necrophage (D:4)
  3 wolves (Lair:1)
  4 ogres
  A centaur (D:8)
  2 phantoms
  8 bullfrogs
  2 scorpions
  A wyvern skeleton (D:7)
  2 water moccasin skeletons
  Dowan (D:6)
  8 killer bees
  A wight (D:8)
  4 howler monkeys
  3 jellies
  A centaur zombie (D:8)
  4 hounds
  7 orc priests
  Crazy Yiuf (D:2)
  3 bullfrog skeletons
  3 centaur skeletons
  3 iguanas (D:7)
  Natasha (twice) (D:4)
  9 orc wizards
  2 killer bee zombies
  A hound skeleton (D:4)
  2 howler monkey zombies
  4 gnolls
  A howler monkey skeleton (D:7)
  8 adders
  2 ufetubi (D:7)
  3 dart slugs
  11 orcs
  6 ball pythons
  4 bat skeletons (D:7)
  A bat zombie (D:7)
  10 endoplasms
  4 giant cockroaches
  6 goblins
  5 hobgoblins
  3 jackals (D:2)
  6 kobolds
  2 quokkas
  4 bats
  2 frilled lizards
  7 rats
204 creatures vanquished.

Vanquished Creatures (others)
  2 bullfrogs (D:8)
  An orc wizard (D:8)
  A bush (Lair:2)
  10 fungi
  20 plants
34 creatures vanquished.

Grand Total: 238 creatures vanquished

Notes
Turn   | Place    | Note
-------+----------+-------------------------------------------
     0 | D:1      | pkoi the Troll Monk began the quest for the Orb.
     0 | D:1      | Reached XP level 1. HP: 22/22 MP: 0/0
    80 | D:1      | Found a faded altar of an unknown god.
   267 | D:1      | Reached XP level 2. HP: 26/29 MP: 1/1
   636 | D:1      | Reached skill level 4 in Unarmed Combat
   892 | D:2      | Reached XP level 3. HP: 31/36 MP: 2/2
  1028 | D:2      | HP: 1/36 [gnoll/+0 halberd (14)]
  1278 | D:2      | Reached XP level 4. HP: 37/44 MP: 3/3
  1369 | D:2      | You fall into a shaft and drop 2 floors!
  1371 | D:4      | Noticed a necrophage
  1383 | D:4      | Killed a necrophage
  1384 | D:4      | Reached skill level 5 in Unarmed Combat
  1384 | D:4      | Reached XP level 5. HP: 31/53 MP: 4/4
  1550 | D:3      | Found a shimmering blue altar of Sif Muna.
  1677 | D:3      | Found an ornate altar of the Wu Jian Council.
  1845 | D:2      | Found a runed translucent door.
  1846 | D:2      | Noticed Crazy Yiuf
  1930 | D:2      | Identified the +7 quarterstaff of the Yoke {holy, rCorr
                  | Int+2 Stlth+}
  2004 | D:2      | Killed Crazy Yiuf
  2502 | D:3      | Found a blossoming altar of Fedhas.
  2588 | D:3      | Found Refreuki's Distillery.
  2598 | D:3      | Bought a potion of degeneration for 11 gold pieces
  2715 | D:4      | Noticed a phantom
  2726 | D:4      | Killed a phantom
  2727 | D:4      | Reached XP level 6. HP: 61/61 MP: 5/5
  2782 | D:4      | Noticed Pikel
  2789 | D:4      | Noticed Grinder
  2808 | D:4      | Paralysed by Grinder for 7 turns
  2820 | D:4      | Killed Grinder
  2821 | D:4      | Reached skill level 1 in Armour
  2821 | D:4      | Reached skill level 6 in Unarmed Combat
  2821 | D:4      | Reached XP level 7. HP: 55/68 MP: 6/6
  2831 | D:4      | Reached skill level 1 in Evocations
  2863 | D:4      | Killed Pikel
  2864 | D:4      | Reached skill level 7 in Unarmed Combat
  2864 | D:4      | Reached XP level 8. HP: 64/78 MP: 7/7
  3003 | D:4      | Noticed Natasha
  3011 | D:4      | Killed Natasha
  3440 | D:4      | Noticed Natasha
  3446 | D:4      | Killed Natasha
  3541 | D:5      | Entered Level 5 of the Dungeon
  3845 | D:5      | Found Xoer's Weapon Emporium.
  3913 | D:5      | Found a staircase to the Ecumenical Temple.
  3936 | Temple   | Entered the Ecumenical Temple
  4107 | Temple   | Became a worshipper of Cheibriados the Contemplative
  4107 | Temple   | Reached * piety under Cheibriados
  4107 | Temple   | Reached ** piety under Cheibriados
  4193 | D:5      | Reached skill level 8 in Unarmed Combat
  4195 | D:5      | Reached skill level 1 in Invocations
  4730 | D:6      | Reached XP level 9. HP: 79/85 MP: 9/9
  4770 | D:6      | Noticed Duvessa
  4773 | D:6      | Noticed Dowan
  4781 | D:6      | Killed Duvessa
  4786 | D:6      | Killed Dowan
  5077 | D:6      | Reached skill level 9 in Unarmed Combat
  5158 | D:6      | Noticed Eustachio
  5170 | D:6      | Killed Eustachio
  5450 | D:7      | Reached *** piety under Cheibriados
  5575 | D:7      | Reached skill level 5 in Invocations
  5718 | D:7      | Reached skill level 10 in Unarmed Combat
  5771 | D:7      | Reached **** piety under Cheibriados
  5813 | D:7      | Found an ancient bone altar of Kikubaaqudgha.
  5990 | D:7      | Learned a level 2 spell: Ensorcelled Hibernation
  6088 | D:7      | Reached XP level 10. HP: 41/94 MP: 13/13
  6369 | D:8      | Found a transporter.
  6377 | D:8      | Noticed an ice statue
  6385 | D:8      | Found a staircase to the Lair.
  6466 | D:8      | Found a shimmering altar of Xom.
  6483 | D:8      | Reached skill level 1 in Hexes
  6483 | D:8      | Reached skill level 1 in Ice Magic
  6706 | D:8      | Noticed an oklob plant
  6706 | D:8      | Noticed nickcage's ghost (novice MiFi)
  6707 | D:8      | Noticed a centaur warrior
  6716 | D:8      | Noticed a gargoyle
  6728 | D:8      | Killed a gargoyle
  6729 | D:8      | Reached skill level 1 in Spellcasting
  6867 | D:8      | Noticed a manticore
  6875 | D:8      | Killed a manticore
  6964 | D:8      | Reached skill level 11 in Unarmed Combat
  7153 | D:8      | Found a transporter.
  7246 | Lair:1   | Entered Level 1 of the Lair of Beasts
  7317 | Lair:1   | Found a dark tunnel.
  7595 | Lair:1   | Noticed a cane toad
  7600 | Lair:1   | Killed a cane toad
  7777 | Lair:1   | Reached XP level 11. HP: 95/101 MP: 15/15
  7787 | Lair:1   | Noticed an eight-headed hydra
  7792 | Lair:1   | HP: 4/101 [11-headed hydra (13)]
  7793 | Lair:1   | Killed an 11-headed hydra
  8218 | Lair:2   | Noticed a seven-headed hydra
  8784 | Lair:2   | Identified the +1 pair of gloves of the Skies Above {rCorr
                  | Str+2}
  8803 | Lair:2   | Learned a level 1 spell: Beastly Appendage
  8820 | Lair:2   | Mangled by an 11-headed hydra

Illustrated notes

Levels and vault maps discovered:
D:1:      dpeg_arrival_triangle_fractal, layout_loops_ring,
          ebering_ecumenical_altar_rust
D:2:      layout_basic, uniq_crazy_yiuf_cottage
D:3:      layout_loops_ring, marbit_many_paths, nicolae_wu_jian_wuxing_cycle,
          led_sif_book, serial_shops, nicolae_lakefront_shop, st_stairs_10
D:4:      layout_gridville, uniq_grinder, uniq_natasha, uniq_pikel
D:5:      layout_basic, minmay_temple_entry_wispy, serial_shops,
          nicolae_shop_hallway_stairs, kennysheep_small_spiral
D:6:      layout_rooms, hangedman_decor_growths, uniq_eustachio, uniq_duvessa
D:7:      wad_guarded_room, layout_loops_ring, kennysheep_vampire_church,
          wad_floor_pattern_untrapped
D:8:      layout_cave_pods, xom_confusion_cloud, david_lair_shrubbed,
          enter_bailey_3, nzn_ghost_randoct
Temple:   nicolae_temple_elliptical
Lair:1:   layout_regular_city, enter_volcano_1, dreamdust_deal_with_the_devil,
          grunt_megastairs_1
Lair:2:   layout_roguey, gauntlet_entry_generic

Skill      XL: |  1  2  3  4  5  6  7  8  9 10 11 |
---------------+----------------------------------+-----
Unarmed Combat | 4 5 6 7 8 10 11 | 11.6
Fighting       | 3 4 |  4.6
Dodging        | 3 4 |  4.3
Armour         | 1 2 |  2.7
Evocations     | 1 2 |  2.5
Invocations    | 2 5 7 |  7.7
Hexes          | 2 |  2.5
Ice Magic      | 2 |  2.7
Spellcasting   | 1 2 |  2.1
Stealth        | |  1.0

Action                   |  1- 3 |  4- 6 |  7- 9 | 10-12 || total
-------------------------+-------+-------+-------+-------++-------
Melee: Unarmed           |    98 |   108 |   247 |   141 ||   594
       Punch             |     1 |     5 |    10 |    12 ||    28
 Cast: Beastly Appendage |       |       |       |     1 ||     1
Invok: Slouch            |       |       |       |     5 ||     5
       Temporal Distorti |       |       |       |     4 ||     4
  Use: Scroll            |       |     7 |     8 |     1 ||    16
       Potion            |       |       |     2 |     1 ||     3
 Stab: Sleeping          |     2 |     5 |     5 |     3 ||    15
       Distracted        |       |       |       |     1 ||     1
Armor: Robe              |    55 |    29 |    94 |    49 ||   227
Dodge: Dodged            |    50 |    51 |   158 |   116 ||   375
